 Seeded DCSS version 0.30-a0-743-gbfdf073431 (webtiles) character file.

Game seed: 5430720872467839093 (custom seed)

16215 purpskrrrp the Protected (level 12, 0/92 HPs)
             Began as a Formicid Hunter on Feb 7, 2023.
             Was an Elder of Hepliaklqana.
             Slain by a tengu warrior
             ... wielding a +0 great sword
              (4 damage)
             ... on level 13 of the Dungeon.
             The game lasted 00:15:57 (8558 turns).

purpskrrrp the Protected (Formicid Hunter)          Turns: 8558, Time: 00:15:57

Health: 0/92       AC: 34    Str: 23    XL:     12   Next: 67%
Magic:  12/12      EV:  8    Int: 13    God:    Hepliaklqana [****..]
Gold:   1048       SH:  8    Dex: 21    Spells: 11/11 levels left

rFire   + . .      SeeInvis +    r - +8 arbalest (chaos)
rCold   + + .      Faith    .    g - +0 buckler {rC+ rF+}
rNeg    . . .      Spirit   .    p - +15 Maxwell's patent armour {-Cast -Tele rElec Will+ rCorr}
rPois   .          Reflect  .    (helmet unavailable)
rElec   +          Harm     .    (no cloak)
rCorr   +          Rampage  .    (no gloves)
Will    ++...      NoCast   +    q - +2 pair of boots of Dice, Bag, and Bottle {Contam Int+4} Stlth
                                 V - amulet of the acrobat
HPRegen 0.35/turn                l - +6 ring of strength
MPRegen 0.13/turn                n - ring of protection from cold

@: studying Fighting
A: reduced essence, permanent stasis, dig shafts and tunnels, antennae 3, four
strong arms
a: Dig, Shaft Self, Renounce Religion, Recall Ancestor, Ancestor Identity,
Transference, Idealise


You were on level 13 of the Dungeon.
You worshipped Hepliaklqana.
Hepliaklqana was greatly pleased with you.
You visited 2 branches of the dungeon, and saw 13 of its levels.

You collected 1535 gold pieces.
You spent 487 gold pieces at shops.

Inventory:

Hand Weapons
 r - a +8 arbalest of chaos (weapon)
Armour
 g - a +0 buckler of resistance (worn)
 p - the +15 Maxwell's patent armour (worn) {-Cast -Tele rElec Will+ rCorr}
   (You acquired it on level 2 of the Dungeon)

   rElec:     It insulates you from electricity.
   -Cast:     It prevents spellcasting.
   -Tele:     It prevents most forms of teleportation.
   rCorr:     It protects you from acid and corrosion.
   Will:      It increases your willpower.
 q - the +2 pair of boots of Dice, Bag, and Bottle (worn) {Contam Int+4}
   (You acquired it on level 2 of the Dungeon)

   Int:       It affects your intelligence (+4).
   Contam:    It causes magical contamination when unequipped.
Jewellery
 c - a +4 ring of slaying
 i - a ring of wizardry
 l - a +6 ring of strength (left hand)
 n - a ring of protection from cold (right hand)
 O - a +4 ring of slaying
 V - an amulet of the acrobat (around neck)
Wands
 j - a wand of roots (5)
 s - a wand of mindburst (22)
 G - a wand of quicksilver (2)
 K - a wand of flame (12)
 R - a wand of polymorph (16)
 T - a wand of paralysis (5)
 W - a wand of digging (9)
Scrolls
 a - a scroll of amnesia
 b - 6 scrolls of immolation
 e - 4 scrolls of teleportation {unknown}
 k - 2 scrolls of torment {unknown}
 m - a scroll of fog {unknown}
 o - 6 scrolls of enchant armour
 w - a scroll of silence {unknown}
 y - a scroll of poison {unknown}
 z - 3 scrolls of fear
 B - a scroll of butterflies {unknown}
 D - 2 scrolls of magic mapping {unknown}
 J - 3 scrolls of enchant weapon {unknown}
Potions
 d - a potion of mutation
 f - a potion of brilliance
 h - 6 potions of curing
 t - 2 potions of lignification
 u - a potion of ambrosia
 E - a potion of magic {unknown}
 H - 2 potions of resistance
 M - a potion of might {unknown}
 N - a potion of invisibility {unknown}
 Q - a potion of flight
 U - a potion of haste {unknown}


   Skills:
 + Level 12.7 Fighting
 + Level 10.3 Ranged Weapons
 * Level 13.6 Armour
 - Level 1.9 Dodging
 - Level 1.6 Stealth
 + Level 11.7 Shields


You had 11 spell levels left.
You didn't know any spells.
Your spell library contained the following spells:

 Spells                   Type           Power      Damage    Failure   Level
 Slow                     Hex            0%         N/A       97%         1
 Sting                    Tmut/Pois      0%         1d3       97%         1
 Cigotuvi's Dreadful Rot  Necr/Pois/Air  0%         N/A       99%         2
 Poisonous Vapours        Pois/Air       0%         N/A       99%         2
 Static Discharge         Conj/Air       0%         2-2/arc   99%         2
 Confusing Touch          Hex            0%         N/A       100%        3
 Inner Flame              Hex/Fire       0%         N/A       100%        3
 Vampiric Draining        Necr           0%         2d6       100%        3
 Vhi's Electric Charge    Tloc/Air       0%         N/A       100%        3
 Dispel Undead            Necr           0%         3d6       100%        4
 Flame Wave               Conj/Fire      0%         2d4       100%        4
 Manifold Assault         Tloc           0%         N/A       100%        4
 Olgreb's Toxic Radiance  Pois           0%         N/A       100%        4
 Sticky Flame             Conj/Fire      0%         2d3       100%        4
 Arcjolt                  Conj/Air       0%         1d10      100%        5
 Lightning Bolt           Conj/Air       0%         1d11      100%        5
 Death Channel            Necr           0%         N/A       100%        6
 Storm Form               Tmut/Air       0%         N/A       100%        7
 Blink                    Tloc           Unusable   N/A       N/A         2

Dungeon Overview and Level Annotations

Branches:
Dungeon (13/15)            Temple (1/1) D:4            Lair (0/5) D:11
    Orc (0/2) D:11
 Vaults: D:13-14

Altars:
Ashenzari
Cheibriados
Dithmenos
Elyvilon
Fedhas
Gozag
Hepliaklqana
Kikubaaqudgha
Makhleb
Nemelex Xobeh
Okawaru
Qazlal
Ru
Sif Muna
Trog
Uskayaw
Vehumet
Wu Jian
Xom
Yredelemnul
Zin
The Shining One

Shops:
D:2 ?   D:9 *

Annotations:
D:13 Nessos


Innate Abilities, Weirdness & Mutations

Your life essence is reduced to manifest your ancestor. (-10% HP)
You cannot be hasted, slowed, berserked, paralysed or teleported.
You can dig through walls and to a lower floor.
You have a pair of large antennae on your head. (SInv)
Your four strong arms can wield two-handed weapons with a shield.


Message History

Okay, then.
The tengu warrior attacks as you move away!
The tengu warrior hits you with a +0 great sword.
* * * LOW HITPOINT WARNING * * *
You block the tengu warrior's attack.
The tengu warrior claws you but does no damage.
Leofsige casts a spell at the tengu warrior.
The stone arrow misses the tengu warrior.
Things that are here:
a +1 troll leather armour {Snorg}; the troll corpse of Snorg You feel better.
Nessos the Markscentaur comes into view.
You block the tengu warrior's attack.
The tengu warrior pecks you but does no damage.
The tengu warrior claws you but does no damage.
Nessos mumbles some strange words.
Nessos seems to speed up.
You hear a roar!
The tengu warrior attacks as you move away!
The tengu warrior barely misses you.
The tengu warrior pecks you but does no damage.
The tengu warrior claws you but does no damage.
Nessos wields a +1 longbow of flaming.
It bursts into flame!
Nessos shoots an arrow.
You block the arrow.
Nessos shoots an arrow.
The arrow hits you but does no damage.
Nessos shoots an arrow.
You block the arrow.
Nessos shoots an arrow.
You block the arrow.
You shoot a bolt. The bolt hits the tengu warrior!!
The bolt burns the tengu warrior.
The tengu warrior is moderately wounded.
Nessos gestures wildly while chanting.
Nessos blinks!
The tengu warrior hits you with a +0 great sword.
* * * LOW HITPOINT WARNING * * *
The tengu warrior pecks you but does no damage.
The tengu warrior claws you but does no damage.
The tengu warrior hits you with a +0 great sword!
* * * LOW HITPOINT WARNING * * *
The tengu warrior pecks you.
You die...

#. #.# ### # . .#
#.###.<#.# #. ⌠
#......... ...#.
##......... .#...#
#..........
#⌠#.#⌠##.R........
#...#..##@#
#...#[Q##
#⌠#....##
..#...c##
.#.......
#⌠#.......
$#......... {
###........
...$......


You could see the friendly Leofsige the battlemage, Nessos (fast) and a tengu
warrior (ally target).

Vanquished Creatures
  Snorg (D:13)
  3 two-headed ogres
  An ugly thing (D:11)
  A cyclops (D:9)
  2 manticores
  Joseph (D:8)
  A komodo dragon (D:11)
  21 yaks
  The ghost of superbruh the Chopper, an amateur HOFi (D:4)
  2 acid dragons
  2 water moccasins
  Duvessa (D:5)
  An ice beast (D:5)
  4 orc warriors
  A sky beast (D:7)
  4 centaurs
  An ogre (D:7)
  Blork the orc (D:4)
  6 bullfrogs
  3 gnoll sergeants
  3 scorpions
  3 necrophages
  Dowan (D:5)
  3 wights
  2 howler monkeys (D:9)
  8 electric eels
  11 orc priests
  4 hounds
  A jelly (D:6)
  3 iguanas
  12 orc wizards
  20 gnolls
  12 adders
  A shadow imp (D:6)
  6 white imps
  An ufetubus (D:5)
  3 worms (D:4)
  A dart slug (D:4)
  33 orcs
  3 bats
  8 endoplasms
  3 giant cockroaches
  7 hobgoblins
  7 jackals
  10 kobolds
  5 quokkas
  8 ball pythons
  2 frilled lizards
  4 goblins
  3 rats
246 creatures vanquished.

Vanquished Creatures (collateral kills)
  Psyche (D:8)
  A troll (D:10)
  A hornet (D:8)
  A wraith (D:9)
  A shadow (D:9)
  9 yaks
  A wyvern (D:8)
  A water elemental (D:11)
  A water moccasin (D:6)
  6 orc warriors
  An ice beast (D:6)
  A centaur (D:10)
  2 kobold brigands
  A necrophage (D:7)
  A gnoll sergeant (D:9)
  2 wights (D:9)
  2 electric eels
  2 howler monkeys (D:11)
  A crimson imp (D:7)
  A gnoll bouda (D:6)
  5 orc wizards
  8 gnolls
  15 orcs
  2 kobolds (D:10)
67 creatures vanquished.

Vanquished Creatures (others)
  A wizard (D:8)
  5 battlemagi
  3 ancestors
9 creatures vanquished.

Grand Total: 322 creatures vanquished

Notes
Turn   | Place    | Note
-------+----------+-------------------------------------------
     0 | D:1      | purpskrrrp the Formicid Hunter began the quest for the Orb.
     0 | D:1      | Reached XP level 1. HP: 16/16 MP: 1/1
    60 | D:1      | Reached XP level 2. HP: 21/23 MP: 2/2
   508 | D:1      | Reached XP level 3. HP: 28/28 MP: 3/3
   708 | D:1      | Reached skill level 1 in Shields
   913 | D:2      | Found Doddoiw's Magic Scroll Shoppe.
  1010 | D:2      | Noticed a necrophage
  1016 | D:2      | Killed a necrophage
  1017 | D:2      | Reached skill level 1 in Armour
  1017 | D:2      | Reached XP level 4. HP: 12/34 MP: 4/4
  1273 | D:2      | Reached skill level 5 in Ranged Weapons
  1311 | D:2      | Reached XP level 5. HP: 36/39 MP: 5/5
  1314 | D:2      | Reached skill level 2 in Armour
  1622 | D:2      | Identified 4 scrolls of acquirement
  1622 | D:2      | Acquired 1014 gold pieces
  1624 | D:2      | Acquired the +2 pair of boots of Dice, Bag, and Bottle
                  | {Contam Int+4}
  1630 | D:2      | Acquired a +8 arbalest of freezing
  1632 | D:2      | Acquired the +15 Maxwell's patent armour {-Cast -Tele rElec
                  | Will+ rCorr}
  1632 | D:2      | Found the +15 Maxwell's patent armour {-Cast -Tele rElec
                  | Will+ rCorr}
  1675 | D:3      | Reached XP level 6. HP: 26/45 MP: 6/6
  1746 | D:3      | Identified the +3 short sword of the Manifold Quests
                  | {flame, rElec Int+5}
  1845 | D:3      | Reached skill level 3 in Armour
  1902 | D:3      | Found an iron altar of Okawaru.
  2022 | D:3      | Found a faded altar of an unknown god.
  2215 | D:3      | Identified the +2 robe of Binutifa {rPois Dex+5}
  2277 | D:2      | Bought a scroll of identify for 28 gold pieces
  2277 | D:2      | Bought a scroll of enchant armour for 105 gold pieces
  2277 | D:2      | Bought a scroll of enchant armour for 105 gold pieces
  2277 | D:2      | Bought a scroll of identify for 28 gold pieces
  2277 | D:2      | Bought a scroll of fear for 56 gold pieces
  2277 | D:2      | Bought a scroll of blinking for 105 gold pieces
  2342 | D:4      | Found a staircase to the Ecumenical Temple.
  2346 | D:4      | Found a runed translucent door.
  2355 | D:4      | Noticed superbruh's ghost (amateur HOFi)
  2362 | D:4      | Reached XP level 7. HP: 49/51 MP: 7/7
  2363 | D:4      | Reached skill level 4 in Armour
  2375 | D:4      | Killed superbruh's ghost
  2420 | Temple   | Entered the Ecumenical Temple
  2688 | Temple   | Became a worshipper of Hepliaklqana the Forgotten
  2925 | D:4      | Reached skill level 5 in Armour
  3241 | D:4      | Reached XP level 8. HP: 57/57 MP: 8/8
  3242 | D:4      | Noticed Blork the orc
  3244 | D:4      | Killed Blork the orc
  3245 | D:4      | Reached skill level 5 in Shields
  3283 | D:4      | Reached * piety under Hepliaklqana
  3428 | D:5      | Entered Level 5 of the Dungeon
  3428 | D:5      | Noticed a two-headed ogre
  3507 | D:5      | Reached skill level 6 in Armour
  3551 | D:5      | Noticed Dowan
  3551 | D:5      | Noticed Duvessa
  3553 | D:5      | Killed Dowan
  3556 | D:5      | Killed Duvessa
  4068 | D:6      | Reached skill level 7 in Armour
  4068 | D:6      | Reached XP level 9. HP: 59/59 MP: 9/9
  4159 | D:6      | Noticed a two-headed ogre
  4167 | D:6      | Killed a two-headed ogre
  4168 | D:6      | Reached skill level 8 in Armour
  4355 | D:6      | Reached ** piety under Hepliaklqana
  4356 | D:6      | Remembered your ancestor Leofsige as a battlemage
  4361 | D:6      | Found an opulent altar of Gozag.
  4376 | D:6      | Found a broken altar of Ashenzari.
  4441 | D:6      | Found a white marble altar of Elyvilon.
  4441 | D:6      | Found an ancient bone altar of Kikubaaqudgha.
  4447 | D:6      | Found a blossoming altar of Fedhas.
  4447 | D:6      | Found a burning altar of Makhleb.
  4976 | D:6      | Reached XP level 10. HP: 71/71 MP: 10/10
  4978 | D:6      | Reached skill level 9 in Armour
  5762 | D:8      | Noticed Joseph
  5769 | D:8      | Killed Joseph
  5770 | D:8      | Reached skill level 10 in Armour
  5849 | D:8      | Noticed Psyche
  5851 | D:8      | Killed Psyche
  5911 | D:8      | Reached *** piety under Hepliaklqana
  5958 | D:8      | Reached XP level 11. HP: 80/80 MP: 11/11
  6015 | D:8      | Reached skill level 11 in Armour
  6262 | D:8      | Found a bloodstained altar of Trog.
  6282 | D:8      | Noticed a wizard
  6285 | D:8      | Killed a wizard
  6676 | D:9      | Reached skill level 10 in Fighting
  6680 | D:9      | Noticed a manticore
  6683 | D:9      | Killed a manticore
  6689 | D:9      | Reached skill level 10 in Shields
  6698 | D:9      | Noticed a cyclops
  6700 | D:9      | Killed a cyclops
  7090 | D:9      | Found a stormy altar of Qazlal.
  7256 | D:9      | Reached skill level 12 in Armour
  7311 | D:9      | Found Ysacrel's Fire Supplies.
  7320 | D:9      | Bought a scroll of immolation for 60 gold pieces
  7376 | D:10     | Entered Level 10 of the Dungeon
  7448 | D:10     | Noticed a two-headed ogre
  7452 | D:10     | Killed a two-headed ogre
  7671 | D:10     | Reached **** piety under Hepliaklqana
  7674 | D:10     | Noticed a two-headed ogre
  7677 | D:10     | Killed a two-headed ogre
  7680 | D:10     | Reached XP level 12. HP: 90/90 MP: 12/12
  8259 | D:11     | Reached skill level 10 in Ranged Weapons
  8259 | D:11     | Reached skill level 13 in Armour
  8392 | D:11     | Found a staircase to the Orcish Mines.
  8433 | D:11     | Found a staircase to the Lair.
  8539 | D:11     | You fall into a shaft and drop 2 floors!
  8542 | D:13     | Noticed Snorg
  8544 | D:13     | Noticed a tengu warrior
  8553 | D:13     | Killed Snorg
  8555 | D:13     | Noticed Nessos
  8558 | D:13     | HP: 4/92 [tengu warrior/+0 great sword (14)]
  8558 | D:13     | Slain by a tengu warrior

Illustrated notes

Levels and vault maps discovered:
D:1:      dpeg_arrival_boxes_within_box, layout_basic
D:2:      layout_loops_ring, serial_shops, shop, nicolae_kite_square_tiling_tiny
D:3:      layout_rooms, okawaru_metal_pillars_3, ebering_ecumenical_altar_rust
D:4:      layout_basic, minmay_temple_entry_overgrown, ebering_ghost_sewer_d,
          minmay_manual_monstrance, uniq_blork_the_orc
D:5:      layout_basic, uniq_duvessa
D:6:      layout_gridville, mainiacjoe_overflow_tiny_flanked,
          grunt_temple_overflow_open, cheibrodos_ashenzari_chains, minivault_5,
          minmay_pentangle
D:7:      layout_cave_pools, minmay_fire_ice_demons
D:8:      layout_basic, trog_wizard, chequers_serial_rivers_marsh, uniq_psyche,
          uniq_joseph
D:9:      minmay_ornate_pinched, layout_basic, general_overflow_altar,
          roderic_serpentine_path, nicolae_shop_fire_sale
          [nicolae_sub_dead_trees], minmay_crystal_water, grunt_ministairs_1
D:10:     layout_cave_pools, dk_noncrumbling_3
D:11:     layout_cave_pools, lair_entry_dummy, erik_orc_2
D:13:     layout_big_octagon, ximxim_vaults_locker_room, gauntlet_entry_generic,
          serial_shops, shop, kennysheep_doodads, uniq_snorg, uniq_nessos
Temple:   oiseaux_autumnal_temple

Skill      XL: |  1  2  3  4  5  6  7  8  9 10 11 12 |
---------------+-------------------------------------+-----
Shields        | 2 3 4 6 7 9 10 11 | 11.7
Armour         | 1 2 3 5 7 8 10 12 13 | 13.6
Ranged Weapons | 5 6 7 8 9 10 | 10.3
Fighting       | 4 7 9 11 12 | 12.7
Dodging        | |  1.9
Stealth        | |  1.6

Action                     |  1- 3 |  4- 6 |  7- 9 | 10-12 || total
---------------------------+-------+-------+-------+-------++-------
   Fire: Shortbow          |    43 |    41 |       |       ||    84
         Arbalest          |       |    47 |   162 |   283 ||   492
 Invoke: Ancestor Life: Ba |       |       |     1 |       ||     1
Ability: Shaft Self        |       |       |       |     1 ||     1
    Use: Scroll            |     1 |    11 |       |     6 ||    18
         Potion            |       |       |     1 |     2 ||     3
 Armour: Leather armour    |     5 |    11 |       |       ||    16
         Plate armour      |       |    47 |    92 |   211 ||   350
  Dodge: Dodged            |    15 |    56 |    32 |   112 ||   215
  Block: Buckler           |       |       |       |    50 ||    50

Table legend: (Time is in decaauts)
 A = Elapsed time spent in this place.
 B = Non-inter-level travel time spent in this place.
 C = Inter-level travel time spent in this place.
 D = Time resting spent in this place.
 E = Time spent auto-exploring this place.
 F = Levels seen in this place.
 G = Mean time per level.
                   A        B        C        D        E       F      G
               +--------+--------+--------+--------+--------+-----+--------+
         Total |   9092 |   8500 |    592 |    505 |   6271 |  13 |  699.4 |
       Dungeon |   8789 |   8256 |    533 |    505 |   6041 |  12 |  732.4 |
        Temple |    303 |    244 |     59 |      0 |    230 |   1 |  303.0 |
               +--------+--------+--------+--------+--------+-----+--------+

Top non-repeatable levels by time:
     D:6: 1275 daAuts
     D:8: 1117 daAuts
     D:4: 950 daAuts
     D:2: 910 daAuts
     D:1: 863 daAuts
    D:10: 808 daAuts
     D:9: 796 daAuts
     D:3: 634 daAuts
     D:5: 544 daAuts
     D:7: 527 daAuts
    D:11: 335 daAuts
  Temple: 303 daAuts
    D:13: 25 daAuts
